 Dungeon Crawl Stone Soup version 0.24-a0-139-geb6712d (webtiles) character file.

Game seed: 2862196476388451074

94 Anon1729 the Shield-Bearer (level 4, -1/31 HPs)
             Began as an Octopode Fighter on Mar 2, 2019.
             Slain by an iguana (9 damage)
             ... on level 4 of the Dungeon.
             The game lasted 00:02:12 (1797 turns).

Anon1729 the Shield-Bearer (Octopode Fighter)       Turns: 1797, Time: 00:02:12

Health: -1/31      AC:  1    Str: 20    XL:     4   Next: 63%
Magic:  4/4        EV: 12    Int: 11    God:
Gold:   171        SH:  9    Dex: 11    Spells: 3/3 levels left

rFire    . . .     SeeInvis .     - Unarmed
rCold    + . .     Gourm    .   a - +0 shield
rNeg     . . .     Faith    .   (helmet restricted)
rPois    .         Spirit   .   (no amulet)
rElec    .         Reflect  .   n - ring of protection from cold
rCorr    .         Harm     .   (no ring)
MR       .....                  (no ring)
Stlth    +++.......             (no ring)
HPRegen  0.10/turn              (no ring)
MPRegen  0.09/turn              (no ring)
                                (no ring)
                                (no ring)

@: mighty
A: almost no armour, stealthy swim, amphibious, 8 rings, constrict 8, camouflage
1, gelatinous body 1
a: no special abilities


You were on level 4 of the Dungeon.
You were not hungry.

You visited 1 branch of the dungeon, and saw 4 of its levels.

You collected 171 gold pieces.

Inventory:

Armour
 a - a +0 shield (worn)
Jewellery
 n - a ring of protection from cold (left tentacle)
Scrolls
 e - a scroll of remove curse {unknown}
 f - a scroll of fog {unknown}
 g - a scroll of enchant armour {unknown}
 i - a scroll of teleportation {unknown}
 j - 2 scrolls of identify {unknown}
 k - a scroll of random uselessness {unknown}
 o - a scroll of amnesia {unknown}
Potions
 h - a potion of flight {unknown}
 l - a potion of degeneration {unknown}
 m - 2 potions of curing {unknown}
Comestibles
 c - 7 rations
 d - 7 chunks of flesh


   Skills:
 + Level 3.4 Fighting
 + Level 3.5 Dodging
 + Level 2.4 Stealth
 + Level 3.5 Shields
 + Level 2.7 Unarmed Combat


You had 3 spell levels left.
You didn't know any spells.
Your spell library was empty.

Dungeon Overview and Level Annotations

Branches:
Dungeon (4/15)
 Temple: D:4-7

Altars:


Innate Abilities, Weirdness & Mutations

You cannot wear most types of armour.
You are very stealthy in the water. (Stealth+)
You are amphibious.
You can wear up to eight rings at the same time.
You can use your tentacles to constrict eight enemies at once.
Your skin changes colour to match your surroundings (Stealth+).
Your rubbery body absorbs attacks. (AC +1, EV +1)


Message History

* * * LOW HITPOINT WARNING * * *
You are too injured to fight recklessly!
You are too injured to fight recklessly!
You are too injured to fight recklessly!
You are too injured to fight recklessly!
You are too injured to fight recklessly!
You are too injured to fight recklessly!
Sorry, you're not good enough to have a special ability.
Unknown command.
Okay, then.
There is a stone staircase leading up here.
You tentacle-slap the iguana but do no damage.
Your grab misses the iguana. The iguana barely misses you.
You feel very mighty all of a sudden. The iguana misses you.
You closely miss the iguana. You grab the iguana. You squeeze the iguana.
The iguana is lightly wounded.
You constrict the iguana, but do no damage.
The iguana bites you!
You die...

#.###.#####
#.........#
#####.###.#####
#.......#.....#
#.....#.#####.#
#######.# #.# #
#.# ###.# #@#.#
#l#.# #.#.#
#...# #####


You could see an iguana.

Vanquished Creatures
  3 adders
  A dart slug (D:1)
  2 worms (D:3)
  2 leopard geckos (D:1)
  An orc (D:3)
  5 giant cockroaches
  5 goblins
  9 hobgoblins
  5 jackals (D:2)
  4 bats
  4 frilled lizards
  8 kobolds
  7 rats
56 creatures vanquished.

Notes
Turn   | Place    | Note
-------+----------+-------------------------------------------
     0 | D:1      | Anon1729 the Octopode Fighter began the quest for the Orb.
     0 | D:1      | Reached XP level 1. HP: 16/16 MP: 1/1
    91 | D:1      | Reached XP level 2. HP: 20/21 MP: 2/2
   129 | D:1      | Reached skill level 1 in Stealth
   440 | D:1      | Reached XP level 3. HP: 16/26 MP: 3/3
  1041 | D:2      | Reached XP level 4. HP: 27/31 MP: 4/4
  1797 | D:4      | Slain by an iguana

Levels and vault maps discovered:
D:1:      psy_arrival_whirlpool, layout_basic
D:2:      cheibrodos_old_hovel, layout_loops_ring, first_ration
D:3:      layout_basic
D:4:      layout_basic, kennysheep_mini, old_standard_altar,
          grunt_ministairs_13, uniq_crazy_yiuf_cottage, uniq_pikel, uniq_grinder

Skill      XL: |  1  2  3 |
---------------+----------+-----
Stealth        | 1 2 |  2.4
Fighting       | |  3.4
Dodging        | |  3.5
Shields        | |  3.5
Unarmed Combat | |  2.7

Action                   |  1- 3 |  4- 6 || total
-------------------------+-------+-------++-------
Melee: Unarmed           |    87 |    35 ||   122
       Constrict         |    22 |    13 ||    35
       Tentacles         |    16 |    10 ||    26
       Punch             |     1 |       ||     1
  Use: Potion            |       |     1 ||     1
 Stab: Sleeping          |    10 |     5 ||    15
       Distracted        |     1 |       ||     1
  Eat: Chunk             |       |     3 ||     3
Armor: Skin              |     5 |       ||     5
Dodge: Dodged            |    37 |    17 ||    54
Block: Shield            |    33 |    12 ||    45

Table legend:
 A = Non-vault XP
 B = Vault XP
 C = Vault XP percentage of total XP
 D = Non-vault monster count
 E = Vault monster count
 F = Vault count percentage of total count
                 A         B        C        D         E       F
            +---------+---------+-------+---------+---------+-------
      Total |     133 |       2 |   1.5 |      55 |       1 |   1.8
            +---------+---------+-------+---------+---------+-------
        D:1 |      41 |       0 |   0.0 |      22 |       0 |   0.0
        D:2 |      54 |       2 |   3.6 |      20 |       1 |   4.8
        D:3 |      38 |       0 |   0.0 |      13 |       0 |   0.0
            +---------+---------+-------+---------+---------+-------
